 Dungeon Crawl Stone Soup version 0.29.1-2-gbd0b4ee654 (webtiles) character file.

Game seed: 3658719065044848126

1150 raistware the Destroyer (level 8, -5/48 HPs)
             Began as an Octopode Conjurer on Oct 25, 2022.
             Was an Initiate of Vehumet.
             Slain by an ogre
             ... wielding a +0 giant club
              (20 damage)
             ... on level 6 of the Dungeon.
             The game lasted 00:12:26 (5592 turns).

raistware the Destroyer (Octopode Conjurer)         Turns: 5592, Time: 00:12:27

Health: -5/48      AC:  1    Str:  6    XL:     8   Next: 38%
Magic:  1/14       EV: 13    Int: 23    God:    Vehumet [......]
Gold:   307        SH:  0    Dex: 10    Spells: 3/16 levels left

rFire   x . .      SeeInvis .   q - +5 dagger (venom)
rCold   + + .      Faith    .   (no shield)
rNeg    . . .      Spirit   .   (helmet restricted)
rPois   +          Reflect  .   u - amulet of regeneration
rElec   .          Harm     .   n - ring of poison resistance
rCorr   .          Rampage  .   y - ring of protection from cold
Will    .....                   r - ring of ice
Stlth   +++.......              (no ring)
HPRegen 0.96/turn               (no ring)
MPRegen 0.14/turn               (no ring)
                                (no ring)
                                (no ring)

@: very slightly contaminated
A: almost no armour, amphibious, 8 rings, camouflage 1, gelatinous body 1,
(nimble swimmer 1), tentacles
a: Renounce Religion


You were on level 6 of the Dungeon.
You worshipped Vehumet.
Vehumet was noncommittal.
You visited 1 branch of the dungeon, and saw 6 of its levels.

You collected 307 gold pieces.

Inventory:

Hand Weapons
 q - a +5 dagger of venom (weapon)
Missiles
 p - a throwing net
 s - 10 poisoned darts
 w - a curare-tipped dart
Jewellery
 n - a ring of poison resistance (left tentacle)
 r - a ring of ice (on tentacle)
 u - an amulet of regeneration (around mantle)
 y - a ring of protection from cold (right tentacle)
Wands
 v - a wand of iceblast (17)
Scrolls
 b - 9 scrolls of identify {unknown}
 c - a scroll of enchant weapon {unknown}
 e - a scroll of noise {unknown}
 f - a scroll of vulnerability {unknown}
 j - 3 scrolls of teleportation {unknown}
 k - a scroll of magic mapping {unknown}
 t - a scroll of butterflies {unknown}
 x - a scroll of blinking {unknown}
Potions
 a - a potion of magic
 d - a potion of haste {unknown}
 g - 2 potions of heal wounds {unknown}
 h - 3 potions of mutation {unknown}
 i - a potion of ambrosia {unknown}
 l - a potion of attraction {unknown}
 m - a potion of brilliance {unknown}
 o - a potion of lignification {unknown}
 z - a potion of curing {unknown}
 A - a potion of degeneration {unknown}
 B - a potion of invisibility {unknown}


   Skills:
 - Level 1.0 Fighting
 - Level 3.0 Dodging
 - Level 3.0 Stealth
 + Level 4.6 Spellcasting
 + Level 8.4 Conjurations
 - Level 2.0 Translocations
 - Level 1.0 Ice Magic
 - Level 1.0 Air Magic
 - Level 1.0 Poison Magic


You had 3 spell levels left.
You knew the following spells:

 Your Spells              Type           Power      Damage    Failure   Level
a - Magic Dart            Conj           100%       1d8       1%          1
b - Iskenderun's Mystic   Conj/Tloc      29%        2d7       12%         4
c - Mephitic Cloud        Conj/Pois/Air  21%        N/A       7%          3
d - Freezing Cloud        Conj/Ice/Air   16%        6-21      54%         5

Your spell library contained the following spells:

 Spells                   Type           Power      Damage    Failure   Level
 Searing Ray              Conj           88%        2d7       1%          2
 Dazzling Flash           Conj/Hex       48%        N/A       5%          3
 Ignite Poison            Fire/Tmut/Pois 6%         N/A       26%         3
 Fulminant Prism          Conj/Hex       12%        3d9       17%         4


Dungeon Overview and Level Annotations

Branches:
Dungeon (6/15)
 Temple: D:4-7

Altars:
Vehumet
Zin

Shops:
D:1 =


Innate Abilities, Weirdness & Mutations

You cannot wear most types of armour.
You are amphibious.
You can wear up to eight rings at the same time.
Your skin changes colour to match your surroundings (Stealth+).
Your rubbery body absorbs attacks. (AC +1, EV +1)
((You are camouflaged when in or above water. (Stealth+)))
You have tentacles for arms and can constrict up to eight enemies at once.


Message History

There is a radiant altar of Vehumet here.
An iguana comes into view.
The iguana moves out of view.
The ogre shouts!
The ogre hits you with a +0 giant club.
You hit the ogre. You squeeze the ogre.
The ogre is lightly wounded.
The ogre barely misses you.
Casting: Magic Dart (safe; 1% risk of failure)
Confirm with . or Enter, or press ? or * to list all spells.
The spell is quite dangerous to miscast (12% risk of failure)!
Continue anyway?
You erupt in a blast of force!
The mystic blast hits the ogre.
The ogre is moderately wounded.
The ogre is knocked back by the mystic blast.
The magic dart hits the ogre.
The ogre is moderately wounded.
The magic dart hits the ogre!
The ogre is heavily wounded.
The magic dart hits the ogre!
The ogre is severely wounded.
The magic dart hits the ogre.
The ogre is almost dead.
Casting: Magic Dart (safe; 1% risk of failure)
Confirm with . or Enter, or press ? or * to list all spells.
The spell is quite dangerous to miscast (12% risk of failure)!
Continue anyway?
Okay, then.
The magic dart hits the ogre.
The ogre is almost dead.
The ogre hits you with a +0 giant club!!
Ouch! That really hurt!
You are too injured to fight recklessly!
Casting: Magic Dart (safe; 1% risk of failure)
Confirm with . or Enter, or press ? or * to list all spells.
The spell is quite dangerous to miscast (12% risk of failure)!
Continue anyway?
You miscast Iskenderun's Mystic Blast.
You are very lightly contaminated with residual magic.
The air around you crackles with energy!
* * * LOW HITPOINT WARNING * * *
The ogre hits you with a +0 giant club!!
You die...

#.#.##.##.........#
...#..............##
...#........#.......#
.#.##..................
... ##.####......##....
.. #..#.##.....## ....
............## .
.....#..##...####....
........#....@O......
#.$. #.#..###..... ##
##. #..#..# #.. ... ..
#..##.. .. ... ##.# .
.#.. ## # ##.. ....


You could see an ogre.

Vanquished Creatures
  A black bear (D:6)
  An ice beast (D:6)
  2 phantoms (D:6)
  A centaur (D:6)
  A kobold brigand (D:5)
  An electric eel (D:6)
  4 hounds
  A jelly (D:4)
  7 iguanas
  2 orc wizards
  A statue (D:6)
  12 gnolls
  3 adders
  A shadow imp (D:6)
  A worm (D:3)
  A dart slug (D:4)
  7 orcs
  2 bats
  4 endoplasms
  A giant cockroach (D:3)
  9 goblins
  5 hobgoblins
  5 quokkas
  6 ball pythons
  4 frilled lizards (D:3)
  14 kobolds
  5 rats
102 creatures vanquished.

Notes
Turn   | Place    | Note
-------+----------+-------------------------------------------
     0 | D:1      | raistware the Octopode Conjurer began the quest for the
                  | Orb.
     0 | D:1      | Reached XP level 1. HP: 11/11 MP: 3/3
   363 | D:1      | Reached XP level 2. HP: 17/17 MP: 0/5
   440 | D:1      | Found a faded altar of an unknown god.
   527 | D:1      | Found Paex's Jewellery Shoppe.
  1076 | D:2      | Reached XP level 3. HP: 21/21 MP: 1/7
  1934 | D:3      | Reached XP level 4. HP: 27/27 MP: 3/9
  1939 | D:3      | Learned a level 4 spell: Iskenderun's Mystic Blast
  2250 | D:3      | Reached skill level 1 in Translocations
  2977 | D:4      | Reached XP level 5. HP: 26/31 MP: 4/11
  3058 | D:4      | Learned a level 3 spell: Mephitic Cloud
  3175 | D:4      | Reached skill level 1 in Poison Magic
  3180 | D:4      | Reached skill level 1 in Air Magic
  3184 | D:4      | Reached skill level 5 in Conjurations
  3184 | D:4      | Reached XP level 6. HP: 36/36 MP: 1/12
  3878 | D:5      | Entered Level 5 of the Dungeon
  3888 | D:5      | Reached skill level 6 in Conjurations
  3898 | D:5      | Reached XP level 7. HP: 37/41 MP: 0/13
  4486 | D:5      | Found a glowing silver altar of Zin.
  4811 | D:5      | Learned a level 5 spell: Freezing Cloud
  4968 | D:6      | Reached skill level 7 in Conjurations
  5186 | D:6      | Reached skill level 8 in Conjurations
  5198 | D:6      | Reached XP level 8. HP: 47/47 MP: 0/14
  5361 | D:6      | Reached skill level 1 in Fighting
  5361 | D:6      | Reached skill level 1 in Ice Magic
  5384 | D:6      | Found a radiant altar of Vehumet.
  5560 | D:6      | Became a worshipper of Vehumet
  5592 | D:6      | Slain by an ogre

Illustrated notes

Levels and vault maps discovered:
D:1:      minmay_arrival_hallway, layout_loops_ring, serial_shops, shop,
          ebering_ecumenical_altar_abandoned, st_stairs_12,
          minmay_tiny_reverse_x
D:2:      layout_loops_ring, hangedman_decor_points, st_stairs_14, minmay_vboxes
D:3:      cheibrodos_helix_gallery, layout_rooms, amcnicky_mini_pool_small,
          st_stairs_12
D:4:      layout_cave_pools, bh_walls_and_bars
D:5:      layout_cave_pods, lemuel_tele_altar
D:6:      hellmonk_ruined_rings, layout_cave_pools, vehumet_statue,
          general_overflow_altar, fountainhead

Skill      XL: |  1  2  3  4  5  6  7  8 |
---------------+-------------------------+-----
Spellcasting   | 3 4 |  4.6
Translocations | 2 |  2.0
Stealth        | 3 |  3.0
Poison Magic   | 1 |  1.0
Air Magic      | 1 |  1.0
Conjurations   | 5 6 8 |  8.4
Fighting       | 1 |  1.0
Ice Magic      | 1 |  1.0
Dodging        | 3 |  3.0

Action                   |  1- 3 |  4- 6 |  7- 9 || total
-------------------------+-------+-------+-------++-------
Melee: Unarmed           |     1 |       |       ||     1
       Short sword       |       |    32 |    22 ||    54
       Constrict         |       |     7 |     6 ||    13
       Tentacles         |       |     7 |    16 ||    23
       Punch             |       |     2 |       ||     2
       Dagger            |       |       |    35 ||    35
Throw: Throwing net      |       |     1 |     1 ||     2
       Dart              |       |       |     5 ||     5
 Cast: Magic Dart        |    57 |   122 |    63 ||   242
       Iskenderun's Myst |       |     1 |     3 ||     4
       Mephitic Cloud    |       |       |     1 ||     1
Evoke: Wand              |       |       |     4 ||     4
 Stab: Sleeping          |       |     1 |     2 ||     3
Armor: Skin              |     1 |     7 |     4 ||    12
Dodge: Dodged            |     7 |    30 |    27 ||    64
